 Dungeon Crawl Stone Soup version 0.25.1-2-g60ff931df9 (webtiles) character file.

Game seed: 4756802122694600392

7430 HawFromDerth the Grappler (level 10, 0/54 HPs)
             Began as a Grey Draconian Transmuter on Sept 22, 2020.
             Was a Believer of Sif Muna.
             Slain by a killer bee (3 damage)
             ... on level 10 of the Dungeon.
             The game lasted 00:32:03 (13126 turns).

HawFromDerth the Grappler (DrTm)                   Turns: 13126, Time: 00:32:04

Health: 0/54       AC:  2    Str: 15    XL:     10   Next: 93%
Magic:  0/23       EV: 24    Int: 12    God:    Sif Muna [**....]
Gold:   160        SH:  0    Dex: 17    Spells: 9/22 levels left

rFire    . . .     SeeInvis .     - Unarmed
rCold    . . .     Gourm    .   (shield currently unavailable)
rNeg     . . .     Faith    .   (armour unavailable)
rPois    x         Spirit   +   (helmet currently unavailable)
rElec    .         Reflect  .   (cloak currently unavailable)
rCorr    .         Harm     .   (gloves currently unavailable)
MR       +....     Rnd*Rage +   (boots currently unavailable)
Stlth    ++........             m - amulet of guardian spirit
HPRegen  0.18/turn              e - ring of magical power
MPRegen  0.18/turn              d - ring of protection from magic

@: lethally poisoned (0 -> -10), spider-form, slightly contaminated, studying
Crossbows
A: tiny, (walk through water), unfitting armour, berserk 1, deterioration 1,
dopey 1, frail 3, low mp 3, AC +12
a: End Transformation, Channel Magic, Renounce Religion


You were on level 10 of the Dungeon.
You worshipped Sif Muna.
Sif Muna was pleased with you.
You were not hungry.
You were a venomous arachnid creature.
You visited 2 branches of the dungeon, and saw 11 of its levels.

You collected 481 gold pieces.
You spent 321 gold pieces at shops.

Inventory:

Missiles
 a - 133 arrows
Armour
 j - a scarf of invisibility
 s - the +0 cloak of Uskayaw's Displeasure (melded) {*Contam rC++ Regen+ Str+4}
   (You found it on level 5 of the Dungeon)

   It affects your strength (+4).
   It greatly protects you from cold.
   It causes magical contamination when unequipped.
   It increases your rate of regeneration.
 y - a +0 pair of boots (melded)
 A - a +2 hat of magic resistance (melded)
Jewellery
 d - a ring of protection from magic (right front leg)
 e - a ring of magical power (left front leg)
 m - an amulet of guardian spirit (around neck)
Wands
 i - a wand of random effects (4)
 t - a wand of flame (9)
 w - a wand of acid (9)
 x - a wand of disintegration (9)
Scrolls
 b - 4 scrolls of remove curse
 f - 4 scrolls of amnesia
 g - 2 scrolls of immolation
 n - a scroll of vulnerability {unknown}
 o - a scroll of enchant weapon
 p - 4 scrolls of identify
 q - a scroll of enchant armour
 r - 2 scrolls of teleportation
 G - a scroll of magic mapping
Potions
 k - 3 potions of haste
 l - a potion of flight
 u - 2 potions of curing {unknown}
 v - a potion of lignification {unknown}
 z - a potion of berserk rage {unknown}
 B - 3 potions of degeneration {unknown}
 C - a potion of resistance {unknown}
 D - a potion of magic {unknown}
 F - 2 potions of stabbing {unknown}
Books
 h - a manual of Crossbows
Comestibles
 c - 13 rations


   Skills:
 + Level 3.8 Fighting
 + Level 5.8 Dodging
 + Level 2.8 Stealth
 + Level 10.5 Unarmed Combat
 + Level 6.9 Spellcasting
 + Level 7.7 Transmutations
 + Level 3.7 Poison Magic


You had 9 spell levels left.
You knew the following spells:

 Your Spells              Type           Power        Failure   Level  Hunger
a - Beastly Appendage     Tmut           ###...       4%          1    None
b - Spider Form           Tmut/Pois      ###.......   14%         3    ###....
c - Blade Hands           Tmut           ###.......   38%         5    ######.
d - Ice Form              Ice/Tmut       ##......     54%         4    ####...

Your spell library contained the following spells:

 Spells                   Type           Power        Failure   Level  Hunger
 Sticks to Snakes         Tmut           ###.....     5%          2    #......
 Petrify                  Tmut/Erth      ##......     54%         4    ####...
 Confusing Touch          Hex            #.......     67%         3    ###....
 Gell's Gravitas          Tloc           #.........   67%         3    ###....
 Yara's Violent Unravell  Hex/Tmut       ##........   85%         5    ######.
 Metabolic Englaciation   Hex/Ice        #.........   100%        5    ######.


Dungeon Overview and Level Annotations

Branches:
Dungeon (10/15)            Temple (1/1) D:7
   Lair: D:8-11         Orc: D:9-12

Altars:
Ashenzari
Cheibriados
Dithmenos
Elyvilon
Fedhas
Gozag
Hepliaklqana
Kikubaaqudgha
Makhleb
Nemelex Xobeh
Okawaru
Qazlal
Ru
Sif Muna
Trog
Uskayaw
Vehumet
Wu Jian
Xom
Yredelemnul
Zin
The Shining One

Shops:
D:6 !   D:8 [(?:*   D:9 ?


Innate Abilities, Weirdness & Mutations

((You can walk through water.))
((Your dull iron-grey scales are very hard. (AC +12)))
You cannot fit into any form of body armour.
((You can survive without breathing.))
((You are cold-blooded and may be slowed by cold attacks.))
((You have large cloven feet.))
You tend to lose your temper in combat.
Your body sometimes deteriorates upon taking damage.
You are dopey. (Int -2)
You are extremely frail. (-30% HP)
Your magical capacity is extremely low. (-30% MP)


Message History

* * * LOW HITPOINT WARNING * * *
The killer bee misses you. The killer bee stings you.
* * * LOW HITPOINT WARNING * * *
The killer bee completely misses you.
You closely miss the killer bee.
The killer bee is severely wounded.
* * * LOW HITPOINT WARNING * * *
You feel sick. The killer bee misses you. The killer bee stings you!
* * * LOW HITPOINT WARNING * * *
The killer bee barely misses you. The killer bee closely misses you.
You bite the killer bee!
You kill the killer bee!
Sif Muna accepts your kill.
* * * LOW HITPOINT WARNING * * *
You feel sick. The killer bee barely misses you. The killer bee misses you.
The killer bee completely misses you.
* * * LOW HITPOINT WARNING * * *
You feel sick. The killer bee misses you. The killer bee closely misses you.
The killer bee stings you.
You die...

......................
.........#####........
######...#####........
......................
......................
.........#####........
.........# #...#####
.........#####...# #
...............ys######.####
...............y............
########.###########.######
#.# #.# #.# #.# ####
............... ....
...............


You could see 2 killer bees.

Vanquished Creatures
  Erolcha (D:9)
  2 two-headed ogres
  A guardian serpent (D:9)
  A centaur skeleton (D:6)
  A hornet (D:5)
  A hippogriff (D:10)
  3 yaks (D:10)
  Edmund (D:4)
  3 orc warriors
  3 black bears
  2 sky beasts (D:6)
  4 ogres
  3 centaurs
  A big kobold (D:8)
  8 bullfrogs
  A scorpion (D:5)
  A wyvern skeleton (D:9)
  5 wights (D:9)
  7 killer bees
  3 howler monkeys
  2 bullfrog zombies
  2 jellies
  6 orc wizards
  4 orc priests
  A bullfrog skeleton (D:7)
  4 hounds
  Jessica (D:2)
  Ijyb (D:5)
  3 iguanas
  13 worker ants
  A killer bee zombie (D:7)
  A hound zombie (D:10)
  A howler monkey zombie (D:5)
  Robin (D:3)
  2 howler monkey skeletons
  A worker ant zombie (D:5)
  7 adders
  3 shadow imps
  2 oozes
  An adder skeleton (D:5)
  A worm (D:2)
  2 dart slugs
  2 leopard geckos
  26 orcs
  4 bats
  9 giant cockroaches
  14 goblins
  9 hobgoblins
  10 jackals
  6 quokkas
  A ball python (D:1)
  6 frilled lizards
  A jackal zombie (D:6)
  8 kobolds
  A kobold zombie (D:8)
  A quokka skeleton (D:4)
  10 rats
220 creatures vanquished.

Notes
Turn   | Place    | Note
-------+----------+-------------------------------------------
     0 | D:1      | HawFromDerth the Draconian Transmuter began the quest for
                  | the Orb.
     0 | D:1      | Reached XP level 1. HP: 16/16 MP: 3/3
   205 | D:1      | Reached XP level 2. HP: 17/23 MP: 3/5
  1382 | D:2      | Reached XP level 3. HP: 28/28 MP: 4/6
  1439 | D:2      | Noticed Jessica
  1473 | D:2      | Killed Jessica
  1724 | D:2      | Learned a level 3 spell: Spider Form
  1978 | D:2      | Reached XP level 4. HP: 34/35 MP: 5/7
  2733 | D:3      | Noticed Robin
  3065 | D:3      | Reached skill level 4 in Unarmed Combat
  3065 | D:3      | Reached XP level 5. HP: 16/40 MP: 2/9
  3438 | D:4      | Noticed Edmund
  3453 | D:4      | Killed Edmund
  3453 | D:4      | Reached XP level 6. HP: 32/47 MP: 2/11
  3616 | D:3      | Killed Robin
  3616 | D:3      | Reached skill level 1 in Stealth
  4747 | D:4      | Reached skill level 5 in Unarmed Combat
  4751 | D:4      | Reached skill level 1 in Poison Magic
  5100 | D:4      | Learned a level 5 spell: Blade Hands
  5104 | D:5      | Entered Level 5 of the Dungeon
  5126 | D:5      | Your scales start taking on a dull iron-grey colour.
  5126 | D:5      | Reached XP level 7. HP: 51/53 MP: 10/12
  5126 | D:5      | Gained mutation: You can survive without breathing. [Grey
                  | Draconian growth]
  5281 | D:5      | Got a slimy cloak
  5293 | D:5      | Noticed Ijyb
  5306 | D:5      | Killed Ijyb
  5403 | D:5      | Identified the cursed +0 cloak of Uskayaw's Displeasure
                  | {*Contam rC++ Regen+ Str+4} (You found it on level 5 of the
                  | Dungeon)
  5953 | D:5      | Found a burning altar of Makhleb.
  6171 | D:5      | Noticed a hornet
  6181 | D:5      | Killed a hornet
  6181 | D:5      | Reached skill level 6 in Unarmed Combat
  6185 | D:5      | Reached XP level 8. HP: 16/61 MP: 8/14
  6557 | D:6      | Reached skill level 7 in Unarmed Combat
  6896 | D:6      | Reached skill level 5 in Transmutations
  7089 | D:6      | Reached skill level 8 in Unarmed Combat
  7089 | D:6      | Reached XP level 9. HP: 59/67 MP: 16/16
  7527 | D:6      | Found Torghit's Distillery.
  7742 | D:6      | Found a shattered altar of Ashenzari.
  8229 | D:7      | Found a staircase to the Ecumenical Temple.
  8550 | D:7      | Found a sacrificial altar of Ru.
  8862 | Temple   | Entered the Ecumenical Temple
  9002 | Temple   | Became a worshipper of Sif Muna the Loreminder
  9247 | D:8      | Reached skill level 5 in Spellcasting
  9253 | D:8      | Learned a level 4 spell: Ice Form
  9356 | D:8      | Found Kaggooz's Assorted Antiques.
  9359 | D:8      | Bought a runed hat for 231 gold pieces
  9454 | D:8      | Found Ypaz's Magic Scroll Emporium.
  9592 | D:8      | Noticed a two-headed ogre
  9604 | D:8      | Found a bloodstained altar of Trog.
  9605 | D:8      | Noticed a moth of wrath
  9837 | D:8      | Found Tebboat's Book Emporium.
  9920 | D:8      | Killed a two-headed ogre
  9920 | D:8      | Reached * piety under Sif Muna
  9920 | D:8      | Reached skill level 5 in Dodging
  9920 | D:8      | Reached skill level 9 in Unarmed Combat
 10110 | D:8      | Found Conuon's Armour Boutique.
 10114 | D:8      | Bought a +0 kite shield for 45 gold pieces
 10114 | D:8      | Bought a +0 pair of boots for 45 gold pieces
 10266 | D:8      | Gained mutation: You are frail. (-10% HP) [mutagenic glow]
 10298 | D:8      | Gained mutation: Your magical capacity is low. (-10% MP)
                  | [mutagenic glow]
 10347 | D:8      | Gained mutation: Your magical capacity is very low. (-20%
                  | MP) [mutagenic glow]
 10382 | D:8      | Gained mutation: Your magical capacity is extremely low.
                  | (-30% MP) [mutagenic glow]
 10425 | D:8      | Gained mutation: You are very frail. (-20% HP) [mutagenic
                  | glow]
 10483 | D:8      | Gained mutation: You are extremely frail. (-30% HP)
                  | [mutagenic glow]
 10576 | D:8      | Gained mutation: You have large cloven feet. [mutagenic
                  | glow]
 10602 | D:8      | Gained mutation: Your body sometimes deteriorates upon
                  | taking damage. [mutagenic glow]
 10662 | D:8      | Gained mutation: You are dopey. (Int -2) [mutagenic glow]
 10686 | D:8      | Gained mutation: You tend to lose your temper in combat.
                  | [mutagenic glow]
 10902 | D:8      | Reached XP level 10. HP: 53/53 MP: 13/13
 11174 | D:8      | Found Cill's Antique Weapon Shop.
 11462 | D:9      | Noticed Erolcha
 11472 | D:9      | Killed Erolcha
 11509 | D:9      | Noticed a two-headed ogre
 11519 | D:9      | Killed a two-headed ogre
 11748 | D:9      | Reached skill level 10 in Unarmed Combat
 11787 | D:9      | Found Raxiphon's Magic Scroll Emporium.
 11962 | D:9      | Noticed a guardian serpent
 11973 | D:9      | Killed a guardian serpent
 12539 | D:10     | Entered Level 10 of the Dungeon
 12632 | D:10     | Found a radiant altar of Vehumet.
 12688 | D:10     | Reached ** piety under Sif Muna
 13126 | D:10     | Slain by a killer bee

Illustrated notes

Levels and vault maps discovered:
D:1:      sevenhm_arrival_forest_fort_large_1, layout_basic, serial_bayou,
          serial_bayou_pond_a, serial_bayou_ford_a, serial_bayou_pond_d,
          serial_bayou_pond_d, hangedman_abyss_or_decor_stabs, st_stairs_11
D:2:      layout_loops_corners, uniq_jessica
D:3:      layout_rooms, first_ration, minmay_crystal_water,
          serial_bayou_crossing, uniq_robin
D:4:      layout_basic, uniq_edmund
D:5:      layout_loops_cross, nicolae_overflow_crystal_walls,
          minmay_manual_mullet, uniq_ijyb
D:6:      layout_layer_cave, kennysheep_mini, serial_shops, shop
D:7:      layout_loops_corners, lemuel_crystal_altar, temple_doors_e,
          dk_noncrumbling_2
D:8:      layout_layer_cave, tgw_trog, serial_shops, nicolae_shop_behind_doors,
          nicolae_shop_trees, shop, shop, nicolae_shop_behind_doors,
          enter_ossuary_3, blue_anna_alchemist [blue_anna_fruit_fields,
          blue_anna_fruit_fields], columned_hall_lemuel
D:9:      lemuel_ice_spiral_2, layout_basic, serial_shops, shop, serial_rivers,
          chequers_serial_rivers_marsh, chequers_serial_rivers_micro_e,
          chequers_serial_rivers_micro_c, chequers_serial_rivers_room_b,
          chequers_serial_rivers_large_b, nrook_guardian_serpent_ordinary,
          uniq_erolcha
D:10:     layout_long_grid, david_orc_4,
          ploomutoo_gammafunk_ghost_potion_laboratory, basic_altar,
          serial_shops, nicolae_shop_statue_plus
Temple:   regret_index_temple_mists

Skill      XL: |  1  2  3  4  5  6  7  8  9 10 |
---------------+-------------------------------+-----
Dodging        | 2 3 4 5 |  5.8
Unarmed Combat | 4 5 6 8 9 10 | 10.5
Transmutations | 3 4 5 6 7 |  7.7
Spellcasting   | 3 4 5 6 |  6.9
Stealth        | 1 2 |  2.8
Poison Magic   | 1 2 3 |  3.7
Fighting       | 2 3 |  3.8

Action                   |  1- 3 |  4- 6 |  7- 9 | 10-12 || total
-------------------------+-------+-------+-------+-------++-------
Melee: Unarmed           |    97 |   174 |   287 |   127 ||   685
       Tailslap          |     7 |     9 |    14 |    10 ||    40
       Kick              |     9 |     9 |     3 |       ||    21
       Headbutt          |     2 |    11 |    19 |     2 ||    34
       Punch             |       |       |     2 |     4 ||     6
 Cast: Beastly Appendage |    22 |    26 |    22 |     6 ||    76
       Spider Form       |       |     8 |    29 |     7 ||    44
       Blade Hands       |       |       |     7 |    10 ||    17
  Use: Potion            |       |     1 |     3 |     2 ||     6
       Scroll            |       |     7 |     8 |       ||    15
 Stab: Sleeping          |     2 |     1 |     2 |       ||     5
  Eat: Chunk             |     4 |     8 |    13 |     1 ||    26
       Ration            |       |     1 |     4 |     4 ||     9
Armor: Skin              |    33 |    33 |    50 |    39 ||   155
Dodge: Dodged            |    61 |   149 |   292 |   141 ||   643
Block: Kite shield       |       |       |     2 |       ||     2
